 Dungeon Crawl Stone Soup version 0.20-a0-266-gdedccd6 (webtiles) character file.

109 Darkfold the Poker (level 5, 0/43 HPs)
             Began as a Formicid Wanderer on Dec 6, 2016.
             Succumbed to an adder's poison
             ... on level 2 of the Dungeon.
             The game lasted 00:07:11 (2035 turns).

Darkfold the Poker (Formicid Wanderer)              Turns: 2035, Time: 00:07:12

Health: 0/43       AC:  3    Str: 17 (19) XL:     5   Next: 13%
Magic:  5/5        EV: 11    Int:  9 (12) God:
Gold:   96         SH:  0    Dex:  7 (8)  Spells: 4/4 levels left

rFire  x . .     SeeInvis +     b - -1 flail
rCold  + . .     Gourm    .     d - +1 robe
rNeg   . . .     Faith    .     (no shield)
rPois  .         Spirit   .     (helmet unavailable)
rElec  .         Reflect  .     (no cloak)
rCorr  .         Harm     +     (no gloves)
MR     .....                    (no boots)
Stlth  ..........               n - amulet of harm
                                h - ring of loudness (curse)
                                e - ring of ice

@: lethally poisoned (0 -> -7), flying
A: permanent stasis, dig shafts and tunnels, four strong arms, antennae 3
a: Dig, Shaft Self


You were on level 2 of the Dungeon.
You were not hungry.

You visited 1 branch of the dungeon, and saw 2 of its levels.

You collected 96 gold pieces.

Inventory:

Hand Weapons
 a - a +2 spear
 b - a -1 flail (weapon)
Armour
 d - a +1 robe (worn)
Jewellery
 e - a ring of ice (left hand)
 h - a cursed ring of loudness (right hand)
 n - an amulet of harm (around neck)
Scrolls
 c - 2 scrolls of remove curse
 i - 3 scrolls of enchant armour
 o - a scroll of identify {unknown}
Potions
 m - a potion of degeneration
Comestibles
 f - a bread ration
 g - 2 meat rations
 j - 4 chunks of flesh
 k - a beef jerky


   Skills:
 + Level 4.3 Fighting
 * Level 4.7 Polearms
   Level 1.0 Bows
 - Level 1.1 Armour
 - Level 1.2 Stealth
   Level 1.2 Shields


You had 4 spell levels left.
You didn't know any spells.

Dungeon Overview and Level Annotations

Branches:
Dungeon (2/15)

Altars:


Innate Abilities, Weirdness & Mutations

You cannot be hasted, slowed, berserked, paralysed or teleported.
You can dig through walls and to a lower floor.
Your four strong arms can wield two-handed weapons with a shield.
You have a pair of large antennae on your head. (SInv)


Message History

The adder closely misses you. The ooze hits you.
* * * LOW HITPOINT WARNING * * *
The adder bites you.
* * * LOW HITPOINT WARNING * * *
It was a potion of degeneration.
There was something very wrong with that liquid.
You feel weakened.
You feel dopey.
You feel clumsy. The adder closely misses you. The ooze closely misses you.
It was a potion of flight.
You feel very buoyant.
You fly up into the air.
You feel sick. The adder closely misses you. The ooze hits you.
* * * LOW HITPOINT WARNING * * *
The adder completely misses you.
You feel sick. The adder bites you.
* * * LOW HITPOINT WARNING * * *
You are more poisoned.
The adder poisons you!
You die...

#............#.##......
#..........#...##......
#..........#...##...... .
#..........#...#####...
..######..........#...#.......
..................#...#.......
..................#...#.......
................)..##.#.......
..........JS.@.....(..#...#...
..........####.......(#...#...
.#.....#######........(...#...
#.................#......#...
#..............##........#...
#..............###......##...
#..............# #......##...
#....................#####..#
##########...........# ####.#


You could see an ooze and an adder.

Vanquished Creatures
  A gnoll (D:1)
  4 adders (D:2)
  3 dart slugs
  A leopard gecko (D:1)
  An orc (D:2)
  4 bats
  13 giant cockroaches
  4 hobgoblins (D:1)
  2 frilled lizards
  10 goblins
  5 kobolds (D:1)
  3 rats (D:1)
51 creatures vanquished.

Notes
Turn   | Place    | Note
-------+----------+-------------------------------------------
     0 | D:1      | Darkfold the Formicid Wanderer began the quest for the Orb.
     0 | D:1      | Darkfold set off with: a +2 spear, a potion of curing, a potion of lignification, a +0 robe, a bread ration
     0 | D:1      | Reached XP level 1. HP: 18/18 MP: 1/1
   158 | D:1      | Reached XP level 2. HP: 24/24 MP: 2/2
   427 | D:1      | Reached XP level 3. HP: 20/30 MP: 3/3
  1180 | D:2      | Reached XP level 4. HP: 12/37 MP: 4/4
  1947 | D:2      | Reached XP level 5. HP: 36/42 MP: 5/5
  2034 | D:2      | HP: 1/43 [adder (6)]
  2035 | D:2      | Succumbed to an adder's poison

Vault maps used:
D:1:      dpeg_arrival_subterranean_lakeside_camping, minmay_pentomino_q2
D:2:      minmay_roachtagon, bloody_trog

Skill      XL: |  1  2  3 |
---------------+----------+-----
Polearms       | 4 |  4.7
Fighting       | 4 |  4.3
Bows           | |  1.0
Armour         | |  1.1
Stealth        | |  1.2
Shields        | |  1.2

Action                   |  1- 3 |  4- 6 || total
-------------------------+-------+-------++-------
Melee: Spear             |    47 |       ||    47
       Flail             |    82 |    82 ||   164
  Use: Potion            |     2 |     5 ||     7
       Scroll            |     5 |     2 ||     7
 Stab: Sleeping          |     2 |       ||     2
  Eat: Chunk             |     1 |     3 ||     4
Armor: Robe              |    30 |    49 ||    79
       Skin              |     3 |       ||     3
Dodge: Dodged            |    86 |   111 ||   197
